Map: Deathaura LE

Players

Stats

  • Race: Protoss Protoss
  • League: Master
  • Spawn Location: 11:00

Maru - Winner!

  • Race: Terran Terran
  • Spawn Location: 5:00

Event: War Chest Team League

VOD

Have the link to the VOD?

Description

Time

  • Played on: July 24, 2020, 10:21 a.m.
  • Length: 18:53
Show
View Real Time Build Order
Export as new Build Order

Stats Protoss 

Build Orders: 1 Gate Expand, Blink Stalkers 

Get SALT Encoding   

  12  0:00  Probe  
  13  0:12  Probe  
  14  0:18  Pylon  
  14  0:24  Probe  
  15  0:32  Probe  
  15  0:37  Gateway  
  15  0:40  Probe  
  16  0:45  Assimilator  
  17  0:51  Probe  
  18  1:03  Probe  
  19  1:15  Probe  
  20  1:24  Cybernetics Core  
  20  1:31  Nexus  
  20  1:34  Probe  
  21  1:41  Pylon  
  21  1:48  Assimilator, Probe  
  21  1:50  Adept  
  22  2:00  Probe  
  25  2:04  Shield Battery  
  25  2:06  Warp Gate  
  25  2:11  Stalker  
  25  2:12  Probe  
  28  2:24  Probe  
  29  2:35  Twilight Council  
  29  2:37  Probe  
  30  2:39  Probe  
  31  2:47  Probe  
  31  2:49  Probe  
  32  2:57  Probe  
  32  2:58  Blink  
  33  2:59  Robotics Facility  
  33  3:01  Probe  
  35  3:09  Probe  
  36  3:13  Probe  
  37  3:21  Probe  
  37  3:25  Probe  
  39  3:31  Gateway  
  39  3:33  Gateway  
  39  3:34  Probe  
  40  3:37  Probe  
  41  3:42  Observer  
  41  3:47  Gateway  
  42  3:49  Shield Battery  
  42  3:54  Stalker  
  44  3:55  Probe  
  44  3:58  Pylon  
  44  3:59  Assimilator, Warp Prism  
  45  4:11  Probe  
  45  4:12  Pylon  
  45  4:16  Shield Battery, Probe  
  47  4:17  Stalker  
  46  4:31  Stalker x2  
  46  4:37  Probe  
  43  4:46  Probe  
  43  4:49  Probe  
  45  4:54  Observer  
  45  4:57  Stalker  
  45  4:58  Stalker x2, Probe  
  52  5:00  Probe  
  52  5:01  Observer  
  52  5:03  Stalker  
  55  5:08  Probe  
  55  5:10  Probe  
  57  5:17  Probe  
  58  5:23  Pylon, Probe  
  58  5:24  Pylon  
  59  5:38  Probe  
  59  5:39  Probe  
  59  5:42  Assimilator  
  61  5:45  Robotics Bay  
  61  5:46  Forge  
  61  5:51  Probe x2  
  63  6:03  Probe x2  
  65  6:05  Charge  
  65  6:07  Pylon  
  65  6:15  Probe x2  
  65  6:16  Observer  
  65  6:21  Colossus  
  65  6:26  Protoss Ground Weapons Level 1, Nexus  
  65  6:27  Probe x2  
  65  6:29  Pylon  
  66  6:43  Probe  
  66  6:44  Probe  
  62  6:53  Probe x2  
  58  7:01  Probe x2  
  58  7:05  Extended Thermal Lance  
  60  7:11  Sentry x2, Probe x2  
  60  7:13  Sentry  
  60  7:14  Zealot  
  70  7:21  Probe, Observer  
  71  7:23  Probe  
  71  7:29  Probe  
  73  7:35  Probe x2  
  73  7:36  Shield Battery  
  75  7:37  Probe  
  75  7:43  Probe  
  77  7:44  Stalker  
  77  7:45  Stalker  
  77  7:47  Probe  
  77  7:49  Probe  
  84  7:53  Probe  
  84  7:59  Probe  
  84  8:02  Colossus, Probe  
  84  8:05  Probe  
  91  8:12  Stalker  
  78  8:20  Stalker  
  78  8:26  Probe  
  78  8:30  Probe  
  80  8:35  Probe  
  80  8:37  Probe  
  80  8:38  Probe  
  82  8:43  Probe  
  82  8:46  Probe  
  82  8:47  Probe  
  84  8:53  Probe  
  87  8:56  Probe  
  87  8:58  Probe  
  87  9:00  Disruptor  
  91  9:04  Probe  
  91  9:05  Probe  
  93  9:10  Probe  
  93  9:16  Probe  
  95  9:17  Probe  
  95  9:20  Zealot x4  
  95  9:22  Probe  
  105  9:28  Probe  
  105  9:30  Probe  
  107  9:31  Pylon  
  107  9:32  Pylon  
  107  9:33  Pylon  
  107  9:34  Probe  
  107  9:35  Pylon  
  108  9:40  Probe  
  109  9:46  Gateway  
  109  9:47  Gateway  
  109  9:48  Pylon x2  
  109  9:49  Probe x2  
  109  9:52  Probe  
  112  9:55  Disruptor  
  115  10:03  Zealot x3  
  115  10:07  Zealot  
  123  10:24  Disruptor  
  122  10:32  Probe x3  
  122  10:35  Zealot x4  
  134  10:39  Shield Battery  
  136  10:52  Shield Battery  
  136  10:54  Shield Battery, Nexus  
  136  10:59  Zealot x3  
  136  11:03  Zealot x2  
  124  11:34  Pylon  
  123  11:56  Nexus  
  123  11:57  Nexus  
  123  11:58  Pylon  
  123  12:00  Pylon  
  119  12:01  Pylon  
  117  12:38  Stalker x4  
  121  13:17  Zealot x4  
  129  13:38  Stalker x4, Templar Archives  
  137  14:02  Zealot x4  
  137  14:22  Zealot x2  
  137  14:23  Zealot x2  
  115  14:43  Zealot x4  
  85  14:46  Observer  
  73  14:58  Gateway  
  69  15:00  Gateway  
  69  15:03  High Templar  
  69  15:04  High Templar x3  
  77  15:10  Archon x2  
  77  15:16  Robotics Facility, Nexus  
  77  15:18  Assimilator  
  77  15:28  Assimilator, Shield Battery  
  77  15:32  High Templar x3  
  77  15:33  High Templar  
  85  15:36  Archon  
  84  15:47  Archon  
  84  15:55  Stalker x2  
  88  16:00  Sentry x2  
  88  16:01  High Templar x2  
  88  16:03  Observer  
  96  16:06  Archon  
  97  16:18  Probe  
  97  16:19  Probe  
  98  16:30  Probe  
  98  16:32  Robotics Bay, Probe  
  100  16:33  Probe  
  100  16:36  Observer  
  102  16:40  Probe  
  102  16:42  Probe x2  
  105  16:48  Probe  
  105  16:50  Probe x2  
  108  17:06  Zealot x6  
  120  17:26  Probe x3, Disruptor  
  126  17:32  Pylon  
  126  17:33  Robotics Facility, Pylon  
  126  17:34  Dark Shrine  
  119  17:44  Zealot x5  
  119  17:45  Zealot  
  115  18:06  Stalker x4  
  115  18:07  Stalker x2  
  113  18:31  Zealot x5  
  113  18:32  Zealot  
Show
View Real Time Build Order
Export as new Build Order

Maru Terran - Winner!

Build Orders:  

Get SALT Encoding   

  12  0:00  SCV  
  13  0:12  SCV  
  14  0:16  Supply Depot  
  14  0:24  SCV  
  15  0:38  SCV  
  15  0:39  Barracks  
  16  0:43  Refinery  
  16  0:50  SCV  
  17  1:02  SCV  
  18  1:14  SCV  
  19  1:27  Orbital Command  
  19  1:28  Barracks Reactor  
  19  1:45  Command Center  
  19  1:51  Supply Depot  
  19  1:52  SCV  
  20  2:04  Marine x2, SCV  
  23  2:11  Factory  
  23  2:16  SCV  
  23  2:22  Marine x2  
  26  2:25  Refinery  
  26  2:29  SCV  
  27  2:40  Marine x2  
  29  2:44  SCV  
  30  2:56  SCV  
  30  2:57  Orbital Command  
  30  2:58  Starport  
  31  3:06  Hellion  
  31  3:08  Hellion  
  31  3:10  SCV  
  36  3:17  Marine  
  37  3:22  SCV  
  37  3:25  SCV  
  38  3:31  Hellion x2  
  42  3:36  Medivac  
  42  3:39  Barracks Tech Lab, SCV  
  44  3:44  SCV  
  44  3:48  Supply Depot  
  45  3:55  SCV  
  46  4:09  Supply Depot, Marine x2, Siege Tank, SCV  
  52  4:13  Supply Depot, SCV  
  53  4:18  Starport Tech Lab  
  53  4:21  Bunker  
  53  4:27  Marine  
  53  4:28  Marine  
  53  4:33  SCV x2  
  55  4:44  Cloaking Field, Banshee  
  55  4:45  Marine, SCV x2  
  52  4:46  Siege Tank  
  52  4:49  Bunker  
  52  4:52  Marine  
  57  4:57  SCV  
  58  5:03  Supply Depot, Marine, SCV  
  58  5:06  Bunker  
  58  5:09  SCV  
  58  5:10  Marine  
  57  5:15  SCV  
  57  5:18  Siege Tank  
  57  5:20  Marine  
  62  5:25  Supply Depot  
  62  5:27  Banshee  
  62  5:28  Marine  
  66  5:30  SCV  
  66  5:31  SCV  
  67  5:36  Refinery x2  
  67  5:38  Marine  
  67  5:42  SCV  
  68  5:46  Marine  
  68  5:47  SCV  
  70  5:50  Refinery x2  
  69  5:58  SCV  
  69  6:01  Marine  
  69  6:03  Marine  
  70  6:05  SCV  
  70  6:06  Command Center  
  70  6:09  Banshee  
  70  6:10  SCV  
  70  6:11  Refinery  
  74  6:18  Marine  
  74  6:21  Marine, SCV  
  74  6:22  SCV  
  74  6:24  Siege Tank  
  77  6:29  Command Center  
  76  6:32  Barracks  
  76  6:36  Marine  
  76  6:39  Marine  
  78  6:43  SCV  
  79  6:52  SCV  
  80  6:54  Marine, Banshee  
  80  6:56  Siege Tank  
  80  6:59  Refinery  
  80  7:00  Supply Depot x2  
  84  7:02  Engineering Bay x2  
  84  7:11  SCV  
  85  7:18  Starport  
  85  7:21  Barracks, Barracks Tech Lab  
  85  7:25  SCV x2  
  90  7:32  Terran Infantry Armor Level 1, Terran Infantry Weapons Level 1  
  90  7:35  Barracks  
  86  7:37  Barracks  
  86  7:41  Missile Turret  
  86  7:42  SCV  
  86  7:43  Orbital Command  
  87  7:45  Stimpack, Marine x2  
  87  7:46  Marauder  
  91  7:59  Siege Tank  
  91  8:00  Barracks  
  91  8:01  Barracks  
  91  8:03  Supply Depot  
  93  8:09  Marauder, Marine x2  
  93  8:10  Barracks Tech Lab  
  97  8:24  Barracks Tech Lab  
  97  8:25  Barracks Reactor, SCV  
  97  8:26  Marine, SCV x2  
  101  8:28  Starport Reactor  
  101  8:29  Marauder, Combat Shield  
  101  8:30  Marauder  
  105  8:34  Siege Tank  
  105  8:36  Supply Depot  
  108  8:42  Orbital Command  
  108  8:46  Marine x3  
  108  8:47  Marine x2  
  113  8:50  Marine  
  113  8:51  Medivac x2  
  113  8:53  Supply Depot, SCV  
  113  8:54  Supply Depot, SCV  
  120  9:05  SCV  
  120  9:06  Concussive Shells  
  120  9:08  Marine x2  
  120  9:09  Marauder x3, Marine  
  130  9:10  SCV  
  130  9:15  Supply Depot  
  131  9:20  Siege Tank  
  131  9:28  Medivac  
  131  9:30  Marauder  
  135  9:33  SCV x2  
  135  9:35  SCV  
  136  9:42  Barracks Tech Lab x2, Missile Turret, Refinery x2  
  136  9:43  Marauder x2  
  136  9:44  Marine x2  
  136  9:45  SCV  
  142  9:48  SCV  
  142  9:51  Marauder  
  145  9:53  Missile Turret  
  145  9:55  Siege Tank  
  145  9:57  SCV  
  149  10:01  SCV x2  
  149  10:04  Supply Depot  
  150  10:12  Marauder x3  
  156  10:15  Supply Depot x2  
  156  10:18  Armory  
  156  10:26  Marauder  
  156  10:27  Marine  
  156  10:28  Marauder, Marine  
  162  10:33  Marauder x2  
  163  10:39  Medivac  
  163  10:40  Medivac  
  163  10:41  Command Center  
  167  10:44  Marauder, Marine  
  167  10:47  Marauder, SCV  
  167  10:49  Marauder  
  175  10:52  Marine  
  175  10:55  Marauder x2  
  175  10:56  Supply Depot  
  180  11:05  Supply Depot x2  
  180  11:09  Siege Tank  
  164  11:12  Medivac x2  
  164  11:14  Marauder x2, Marine x2  
  164  11:26  Marauder, Marine  
  164  11:28  Marauder, Marine  
  155  11:36  Marine  
  155  11:37  Marauder  
  154  11:41  Siege Tank  
  139  12:13  Siege Tank  
  137  12:21  Orbital Command  
  132  12:42  Marauder  
  134  12:46  Medivac  
  136  12:57  Marine  
  136  12:58  Marauder  
  138  13:10  Marine  
  138  13:11  Marauder  
  141  13:16  Medivac  
  143  13:26  Marauder x2  
  147  13:29  Supply Depot  
  144  13:35  Marauder, Marine, Siege Tank  
  150  13:42  Marine  
  148  14:06  Marauder x3, Marine x2  
  144  14:11  Marine  
  131  14:24  Marine x2  
  103  14:43  Marine x2  
  103  14:44  Marauder  
  103  14:45  Marine  
  61  15:01  Marine  
  61  15:02  Marauder  
  61  15:04  Orbital Command  
  62  15:13  SCV  
  63  15:17  Marine x2  
  65  15:29  SCV  
  65  15:34  Siege Tank  
  69  15:39  Marauder  
  71  15:46  SCV x2  
  70  15:58  Marauder x2  
  70  15:59  Marauder  
  76  16:05  Marauder  
  79  16:19  Marauder x2  
  81  16:31  Marauder x2, Widow Mine x2  
  89  16:33  SCV  
  89  16:34  SCV  
  93  16:40  Marine  
  93  16:45  Marine  
  93  16:52  Widow Mine x2  
  97  16:55  Marine  
  97  16:56  Marauder x2  
  97  16:58  Marine  
  103  17:06  Marine  
  104  17:14  Marauder  
  102  17:15  Marine  
  102  17:16  Marine  
  102  17:22  Marine  
  105  17:25  Marine  
  105  17:27  Widow Mine  
  108  17:34  Marauder, Marine  
  108  17:35  Marine  
  112  17:40  Marine  
  112  17:43  Marauder  
  113  17:46  Widow Mine  
  115  17:52  Marine x2  
  115  17:55  Marine  
  116  17:58  Marauder  
  116  18:04  Marine  
  107  18:10  Marine x2  
  108  18:12  Marine  
  110  18:20  Marauder, Widow Mine  
  110  18:25  Marine  
  109  18:28  Marauder, Marine  
  109  18:30  Marine  
Tags
 
Add a new tag
Caveats
  • Supply blocks, unpowered buildings, or Contaminate may cause inaccurate times.
  • Supply counts are checked every 10 seconds.